 Dungeon Crawl Stone Soup version 0.26-a0-259-g1effd001a9 (webtiles) character file.

Game seed: 2870532720777320548

55 vurker the Gusty (level 3, -2/28 HPs)
             Began as a Draconian Air Elementalist on July 15, 2020.
             Slain by a hound (3 damage)
             ... on level 1 of the Dungeon.
             The game lasted 00:01:46 (1600 turns).

vurker the Gusty (Draconian Air Elementalist)       Turns: 1600, Time: 00:01:47

Health: -2/28      AC:  5    Str: 10    XL:     3   Next: 67%
Magic:  0/7        EV:  8    Int: 16    God:
Gold:   72         SH:  0    Dex: 11    Spells: 6/7 levels left

rFire    . . .     SeeInvis .   h - +0 short sword
rCold    . . .     Faith    .   (no shield)
rNeg     . . .     Spirit   .   (armour unavailable)
rPois    .         Reflect  .   (helmet restricted)
rElec    .         Harm     .   (no cloak)
rCorr    .                      (no gloves)
MR       .....                  (no boots)
Stlth    ++........             (no amulet)
HPRegen  0.09/turn              b - -4 ring of evasion (curse)
MPRegen  0.10/turn              a - +4 ring of slaying

@: very slightly contaminated
A: unfitting armour, cold-blooded, AC +5
a: no special abilities


You were on level 1 of the Dungeon.
You were not hungry.

You visited 1 branch of the dungeon, and saw 2 of its levels.

You collected 72 gold pieces.

Inventory:

Hand Weapons
 h - a +0 short sword (weapon)
   (You took it off a kobold on level 1 of the Dungeon)
Jewellery
 a - a +4 ring of slaying (right hand)
   (You found it on level 1 of the Dungeon)
 b - a cursed -4 ring of evasion (left hand)
   (You found it on level 1 of the Dungeon)
Scrolls
 c - a scroll of magic mapping {unknown}
 k - a scroll of amnesia {unknown}
Potions
 d - 2 potions of haste {unknown}
 f - a potion of brilliance {unknown}
 g - 2 potions of might {unknown}
 i - a potion of mutation {unknown}
 j - a potion of resistance {unknown}
Comestibles
 e - 9 rations


   Skills:
 + Level 1.3 Fighting
 - Level 1.7 Dodging
 - Level 1.7 Stealth
 * Level 2.9 Spellcasting
 - Level 1.0 Conjurations
 * Level 3.7 Air Magic


You had 6 spell levels left.
You knew the following spells:

 Your Spells              Type           Power        Failure   Level
a - Shock                 Conj/Air       #...         7%          1

Your spell library contained the following spells:

 Spells                   Type           Power        Failure   Level
 Swiftness                Chrm/Air       #.......     13%         2
 Static Discharge         Conj/Air       #.......     22%         3
 Airstrike                Air            ##........   38%         4
 Lightning Bolt           Conj/Air       #.........   89%         5


Dungeon Overview and Level Annotations

Branches:
Dungeon (2/15)

Altars:


Innate Abilities, Weirdness & Mutations

Your plain brown scales are hard. (AC +5)
You cannot fit into any form of body armour.
You are cold-blooded and may be slowed by cold attacks.


Message History

The zap hits the worm.
Aim: a worm (lightly wounded)
The zap hits the worm.
A worm is nearby!
Aim: a worm (moderately wounded)
The zap hits the worm.
You don't have enough magic to cast that spell.
A goblin comes into view. It is wielding a +0 dagger.
A quokka comes into view.
The goblin shouts!
You hear an angry hiss.
The worm bites you.
Found a scroll labeled VOASCHU BIPTE.
You see here a giant cockroach corpse.
You puncture the worm!
Your tail-slap misses the worm.
You hit the worm. The quokka barely misses you. The worm bites you!
* * * LOW HITPOINT WARNING * * *
The quokka bites you.
* * * LOW HITPOINT WARNING * * *
The quokka bites you but does no damage.
A hound comes into view.
The quokka bites you but does no damage.
That beam is likely to hit you.
Continue anyway? [Y]es or [N]o only, please.
That beam is likely to hit you.
Continue anyway?
Okay, then.
You miscast Shock.
You are very lightly contaminated with residual magic.
Nothing appears to happen.
The hound barks!
The hound bites you but does no damage.
You miscast Shock.
Nothing appears to happen.
The hound stops to sniff the ground.
The hound bites you.
* * * LOW HITPOINT WARNING * * *
The hound bites you.
* * * LOW HITPOINT WARNING * * *
Found a stone staircase leading down.
The hound bites you but does no damage. The hound bites you.
* * * LOW HITPOINT WARNING * * *
The hound bites you but does no damage.
There is a stone staircase leading up here.
You see here a stone.
The hound bites you.
* * * LOW HITPOINT WARNING * * *
You climb upwards.
There is a stone staircase leading down here.
The hound barely misses you.
The zap hits the hound.
The hound bites you.
You die...

#.# #.#
#.#.# #.#
#.#
#.#.###
#.# #(#
#.....#
#.######
#.#
#######
#......#
#.#
######.#
#.# #>#
#.#
#h#####.#
#@......#
#.#######
###


You could see a hound.

Vanquished Creatures
  An adder (D:2)
  An ooze (D:1)
  4 bats
  2 giant cockroaches (D:2)
  7 goblins
  2 hobgoblins (D:1)
  7 jackals (D:1)
  5 kobolds
  A ball python (D:1)
  2 frilled lizards (D:1)
  A leopard gecko skeleton (D:2)
  7 rats
40 creatures vanquished.

Notes
Turn   | Place    | Note
-------+----------+-------------------------------------------
     0 | D:1      | vurker the Draconian Air Elementalist began the quest for
                  | the Orb.
     0 | D:1      | Reached XP level 1. HP: 14/14 MP: 3/3
   285 | D:1      | Reached XP level 2. HP: 15/22 MP: 0/5
   856 | D:1      | Reached skill level 1 in Fighting
  1040 | D:1      | Reached XP level 3. HP: 27/28 MP: 0/6
  1596 | D:2      | HP: 1/28 [hound (6)]
  1600 | D:1      | Slain by a hound

Illustrated notes

Levels and vault maps discovered:
D:1:      dpeg_arrival_fog, layout_basic
D:2:      layout_rooms, first_ration

Skill      XL: |  1  2 |
---------------+-------+-----
Fighting       | 1 |  1.3
Dodging        | |  1.7
Stealth        | |  1.7
Spellcasting   | |  2.9
Conjurations   | |  1.0
Air Magic      | |  3.7

Action                   || total
-------------------------++-------
Melee: Unarmed           ||     9
       Short sword       ||    13
       Tailslap          ||     1
 Cast: Shock             ||    68
  Eat: Ration            ||     1
Armor: Skin              ||    17
Dodge: Dodged            ||    15

Table legend:
 A = Non-vault XP
 B = Vault XP
 C = Vault XP percentage of total XP
 D = Non-vault monster count
 E = Vault monster count
 F = Vault count percentage of total count
                 A         B        C        D         E       F
            +---------+---------+-------+---------+---------+-------
      Total |      79 |       0 |   0.0 |      40 |       0 |   0.0
            +---------+---------+-------+---------+---------+-------
        D:1 |      49 |       0 |   0.0 |      28 |       0 |   0.0
        D:2 |      30 |       0 |   0.0 |      12 |       0 |   0.0
            +---------+---------+-------+---------+---------+-------
